 Seeded DCSS version 0.28-a0-60-g54b5640690 (webtiles) character file.

Game seed: 10059646100062695582 (custom seed)

3 flotson the Sneak (level 1, -2/18 HPs)
             Began as a Demonspawn Delver on July 30, 2021.
             Slain by an adder (3 damage)
             ... on level 3 of the Dungeon.
             The game lasted 00:01:38 (292 turns).

flotson the Sneak (Demonspawn Delver)                Turns: 292, Time: 00:01:39

Health: -2/18      AC:  5    Str: 12    XL:     1   Next: 41%
Magic:  1/1        EV: 10    Int: 11    God:
Gold:   5          SH:  0    Dex: 14    Spells: 0/0 levels left

rFire   . . .      SeeInvis .   a - +0 broad axe
rCold   . . .      Faith    .   (no shield)
rNeg    . . .      Spirit   .   i - +0 ring mail
rPois   .          Reflect  .   (no helmet)
rElec   .          Harm     .   (no cloak)
rCorr   .          Rampage  .   (no gloves)
Will    .....                   (no boots)
Stlth   ++........              (no amulet)
HPRegen 0.06/turn               (no ring)
MPRegen 0.07/turn               (no ring)

@: lethally poisoned (-2 -> -3)
A: no striking features
a: no special abilities


You were on level 3 of the Dungeon.
You visited 1 branch of the dungeon, and saw 3 of its levels.

You collected 5 gold pieces.

Inventory:

Hand Weapons
 a - a +0 broad axe (weapon)
Armour
 i - a +0 ring mail (worn)
Wands
 g - a wand of digging (3)
Scrolls
 c - a scroll of fog
 h - a scroll of vulnerability {unknown}


   Skills:
 + Level 3.0 Fighting
 + Level 1.8 Axes
 + Level 0.2 Armour
 + Level 1.8 Dodging
 - Level 4.5 Stealth


You couldn't memorise any spells.
You didn't know any spells.
Your spell library was empty.

Dungeon Overview and Level Annotations

Branches:
Dungeon (5/15)
 Temple: D:4-7

Altars:


Message History

An adder comes into view.
You open the door.
A ball python and a necrophage come into view.
The ball python bites you but does no damage.
The ball python grabs you. The ball python constricts you.
You barely miss the ball python. The ball python closely misses you.
The ball python constricts you.
You closely miss the ball python. The ball python barely misses you.
The ball python constricts you. The ball python bites you.
The ball python constricts you.
You slash the ball python!
You kill the ball python!
No target in view!
There is an open door here.
As you open the door, it creaks loudly!
The adder hisses angrily.
The adder bites you but does no damage.
There is a stone staircase leading up here.
The adder bites you.
You climb upwards.
There is a stone staircase leading down here.
You miss the adder. The adder barely misses you. x2
You hit the adder but do no damage. The adder completely misses you.
The adder bites you but does no damage.
You closely miss the adder. The adder bites you but does no damage.
The adder bites you.
You are poisoned.
The adder poisons you!
You hit the adder.
The adder is lightly wounded.
You feel sick. The adder bites you. x2
* * * LOW HITPOINT WARNING * * *
You miss the adder.
The adder is lightly wounded.
* * * LOW HITPOINT WARNING * * *
You feel sick. The adder misses you. The adder bites you but does no damage.
You barely miss the adder.
The adder is lightly wounded.
* * * LOW HITPOINT WARNING * * *
You feel sick. The adder bites you.
You die...

### #.. #.#
#.# #
#####S#.###.#
#....@.......
#.#####.#####
#


You could see an adder.

Vanquished Creatures
  A ball python (D:4)
  A giant cockroach (D:4)
  A quokka skeleton (D:4)
3 creatures vanquished.

Notes
Turn   | Place    | Note
-------+----------+-------------------------------------------
     0 | D:5      | flotson the Demonspawn Delver began the quest for the Orb.
     0 | D:5      | Reached XP level 1. HP: 18/18 MP: 1/1
    49 | D:5      | Noticed a hound
   104 | D:5      | Noticed a scorpion
   108 | D:5      | Noticed a scorpion
   264 | D:4      | Noticed a necrophage
   292 | D:3      | Slain by an adder

Illustrated notes

Levels and vault maps discovered:
D:3:      layout_basic, kennysheep_ying_yang, grunt_ministairs_13
D:4:      layout_basic, minmay_temple_entry_glass, uniq_robin, uniq_ijyb
D:5:      layout_gridville

Action                   || total
-------------------------++-------
Melee: Broad axe         ||    14
  Use: Scroll            ||     3
       Potion            ||     1
Armor: Ring mail         ||     7
Dodge: Dodged            ||    12

Table legend: (Time is in decaauts)
 A = Elapsed time spent in this place.
 B = Non-inter-level travel time spent in this place.
 C = Inter-level travel time spent in this place.
 D = Time resting spent in this place.
 E = Time spent auto-exploring this place.
 F = Levels seen in this place.
 G = Mean time per level.
                   A        B        C        D        E       F      G
               +--------+--------+--------+--------+--------+-----+--------+
         Total |    279 |    279 |      0 |      0 |    102 |   3 |   93.0 |
       Dungeon |    279 |    279 |      0 |      0 |    102 |   3 |   93.0 |
               +--------+--------+--------+--------+--------+-----+--------+

Top non-repeatable levels by time:
     D:4: 173 daAuts
     D:5: 97 daAuts
     D:3: 8 daAuts
